 Dungeon Crawl Stone Soup version 0.29.0-4-gdea44cf6ec (webtiles) character file.

Game seed: 14501370115489885744

11 qw the Chopper (level 2, -3/17 HPs)
             Began as a Tengu Warper on Aug 28, 2022.
             Slain by a hobgoblin
             ... wielding a +0 spear
              (4 damage)
             ... on level 2 of the Dungeon.
             The game lasted 00:00:00 (404 turns).

qw the Chopper (Tengu Warper)                        Turns: 404, Time: 00:00:01

Health: -3/17      AC:  3    Str: 11    XL:     2   Next: 29%
Magic:  6/6        EV: 11    Int: 13    God:
Gold:   20         SH:  0    Dex: 13    Spells: 5/5 levels left

rFire   . . .      SeeInvis .   a - +0 hand axe
rCold   . . .      Faith    .   (no shield)
rNeg    . . .      Spirit   .   b - +0 leather armour
rPois   .          Reflect  .   (helmet restricted)
rElec   .          Harm     .   (no cloak)
rCorr   .          Rampage  .   (no gloves)
Will    .....                   (boots unavailable)
Stlth   +.........              (no amulet)
HPRegen 0.05/turn               (no ring)
MPRegen 0.10/turn               (no ring)

@: no status effects
A: beak, talons 3
a: no special abilities


You were on level 2 of the Dungeon.
You visited 1 branch of the dungeon, and saw 2 of its levels.

You collected 20 gold pieces.


Innate Abilities, Weirdness & Mutations

You have a beak for a mouth.
You have claws for feet.


   Skills:
 - Level 2.0 Fighting
 + Level 3.2 Axes
 - Level 1.0 Throwing
 - Level 1.1 Armour
 - Level 2.1 Dodging
 - Level 2.0 Spellcasting
 - Level 2.4 Translocations


You had 5 spell levels left.
You didn't know any spells.
Your spell library contained the following spells:

 Spells                   Type           Power      Damage    Failure   Level
 Blink                    Tloc           14%        N/A       19%         2
 Gell's Gravitas          Tloc           7%         N/A       36%         3
 Lesser Beckoning         Tloc           7%         N/A       36%         3
 Teleport Other           Tloc           7%         N/A       36%         3
 Manifold Assault         Tloc           7%         N/A       98%         5

Inventory:

Hand Weapons
 a - a +0 hand axe (weapon)
Armour
 b - a +0 leather armour (worn)
Scrolls
 c - a scroll of blinking
 e - a scroll of fear {unknown}
 f - 2 scrolls of amnesia {unknown}

Dungeon Overview and Level Annotations

Branches:
Dungeon (1/15)

Altars:


Message History

You are poisoned.
The adder poisons you!
You miss the adder. You peck the adder.
The adder is heavily wounded.
You feel sick. The adder closely misses you.
You slash the adder!
You kill the adder!
You feel sick.
Your Axes skill increases to level 3!
You have reached level 2!
You start resting.
You feel sick. x4
You are no longer poisoned.
HP restored.
A rat comes into view.
You barely miss the rat. You peck the rat.
You kill the rat!
Found a stone staircase leading down.
Enter note: A hobgoblin comes into view.
It is wielding a +0 spear.
397 ||| Stepping ~*~*~tactically~*~*~ (stealth).
The hobgoblin shouts! 3 gnolls come into view.
The gnoll shouts! x2
The hobgoblin closely misses you.
A giant cockroach comes into view.
The hobgoblin closely misses you.
You completely miss the hobgoblin. The hobgoblin hits you with a +0 spear!
You closely miss the hobgoblin.
You claw the hobgoblin, but do no damage.
The hobgoblin hits you with a +0 spear. x2; The gnoll closely misses you.
You slash the gnoll! You peck the gnoll.
The gnoll is severely wounded.
You closely miss the hobgoblin. The hobgoblin misses you.
You hit the gnoll.
You kill the gnoll!
You hit the hobgoblin but do no damage. The hobgoblin hits you with a +0 spear.
You die...

#............. #.#
#.......###### #.#
##.....#...... #.#
##...##.####. #B#
##.###.# #. #g# #.#
#.# #.
#####g######.###.####.
#...g..#..............
#@)...............
##.#.##.####.####.
#.#.#### #.# #. #....
#.# #. #...## #.# #.
....# #.# #. ##.#.#
#.# #. ...>. ... ###


You could see 2 gnolls, a giant cockroach and a hobgoblin.

Vanquished Creatures
  A gnoll (D:2)
  An adder (D:2)
  A hobgoblin (D:2)
  A bat (D:2)
  A rat (D:2)
5 creatures vanquished.

Notes
Turn   | Place    | Note
-------+----------+-------------------------------------------
     0 | D:1      | qw the Tengu Warper began the quest for the Orb.
     0 | D:1      | Reached XP level 1. HP: 12/12 MP: 4/4
     0 | D:1      | 0 ||| qw: Version: 0.1-a-89-g26bdef1
     0 | D:1      | 0 ||| qw: Game counter: 2526
     0 | D:1      | 0 ||| qw: Always use a shield: true
     0 | D:1      | 0 ||| qw: God list: Okawaru
     0 | D:1      | 0 ||| qw: Allow faded altars: false
     0 | D:1      | 0 ||| qw: Do Orc after D:15 true
     0 | D:1      | 0 ||| qw: Do second Lair branch before Depths: true
     0 | D:1      | 0 ||| qw: Lair rune preference: random
     0 | D:1      | 0 ||| qw: Plans: Normal
     0 | D:1      | 0 ||| PLANNING D:1-11
    11 | D:1      | You fall into a shaft and drop 1 floor!
    15 | D:2      | 15 ||| Stepping ~*~*~tactically~*~*~ (stealth).
    16 | D:2      | 16 ||| Stepping ~*~*~tactically~*~*~ (stealth).
    30 | D:2      | 30 ||| Stepping ~*~*~tactically~*~*~ (stealth).
    34 | D:2      | 34 ||| Stepping ~*~*~tactically~*~*~ (stealth).
    35 | D:2      | 35 ||| Stepping ~*~*~tactically~*~*~ (stealth).
   162 | D:2      | Reached skill level 3 in Axes
   162 | D:2      | Reached XP level 2. HP: 10/17 MP: 6/6
   397 | D:2      | 397 ||| Stepping ~*~*~tactically~*~*~ (stealth).
   402 | D:2      | HP: 4/17 [hobgoblin/+0 spear (5)]
   402 | D:2      | HP: 1/17 [hobgoblin/+0 spear (3)]
   404 | D:2      | Slain by a hobgoblin

Levels and vault maps discovered:
D:1:      psy_arrival_whirlpool, layout_basic, serial_shops, shop,
          minmay_tripent
D:2:      layout_loops_ring, basic_altar, shapermc_ecumenical_altar_notcrosses,
          minmay_distorted, uniq_crazy_yiuf_cottage

Skill      XL: |  1 |
---------------+----+-----
Axes           | 3 |  3.2
Fighting       | |  2.0
Throwing       | |  1.0
Armour         | |  1.1
Dodging        | |  2.1
Spellcasting   | |  2.0
Translocations | |  2.4

Action                   || total
-------------------------++-------
Melee: Hand axe          ||    10
       Peck              ||     4
       Kick              ||     2
Throw: Boomerang         ||     7
Dodge: Dodged            ||     6

Table legend:
 A = Non-vault XP
 B = Vault XP
 C = Vault XP percentage of total XP
 D = Non-vault monster count
 E = Vault monster count
 F = Vault count percentage of total count
                 A         B        C        D         E       F
            +---------+---------+-------+---------+---------+-------
      Total |      32 |       0 |   0.0 |       5 |       0 |   0.0
            +---------+---------+-------+---------+---------+-------
        D:2 |      32 |       0 |   0.0 |       5 |       0 |   0.0
            +---------+---------+-------+---------+---------+-------
